 Dungeon Sprint DCSS version 0.17-a0-1691-g18a3847 (webtiles) character file.

1037 Kidiri the Grappler (level 8, -7/83 HPs)
             Began as a Troll Monk on Aug 20, 2015.
             Was a Priest of Okawaru.
             Mangled by a skeletal warrior
             ... wielding a +0 glaive
              (12 damage)
             ... in the Dungeon (Sprint IX: "|||||||||||||||||||||||||||||").
             The game lasted 00:02:00 (334 turns).

Kidiri the Grappler (Troll Monk)                     Turns: 334, Time: 00:02:00

Health: -7/83      AC:  8    Str: 21    XL:     8   Next: 4%
Magic:  10/10      EV: 16    Int:  6    God:    Okawaru [***...]
Gold:   0          SH:  0    Dex: 13    Spells: 0 memorised, 7 levels left

rFire  . . .     SeeInvis .       - Unarmed
rCold  . . .     Clarity  .     a - +0 robe
rNeg   . . .     SustAt   .     (no shield)
rPois  .         Gourm    +     (helmet restricted)
rElec  .         Spirit   .     n - +0 cloak
rCorr  .         Warding  .     (gloves unavailable)
rMut   .         NoTele   +     (boots unavailable)
MR     .....                    (no amulet)
Stlth  ++........               p - +2 ring of protection
                                o - +2 ring of evasion

@: not resistant to hostile enchantments, unstealthy
A: unfitting armour, claws 3, fast metabolism 3, gourmand, regeneration 2,
shaggy fur 1, tough skin 2
a: Heroism, Renounce Religion


You were in the Dungeon.
You worshipped Okawaru.
Okawaru was most pleased with you.
You were very full.

You visited 1 branch

Inventory:

Armour
 a - a +0 robe (worn)
 n - a +0 cloak (worn)
Jewellery
 o - a +2 ring of evasion (left claw)
 p - a +2 ring of protection (right claw)
Magical devices
 m - a wand of cold (7)
Scrolls
 h - 2 scrolls of blinking
 k - 3 scrolls of remove curse
 l - 2 scrolls of amnesia
Potions
 c - 5 potions of curing
 d - 3 potions of heal wounds
 e - a potion of haste
 f - 4 potions of magic
 g - a potion of berserk rage
 j - a potion of invisibility
Comestibles
 b - 2 bread rations
 i - 7 chunks of flesh


   Skills:
 + Level 5.9 Fighting
 * Level 8.2 Dodging
 * Level 5.8 Stealth
 * Level 10.2 Unarmed Combat
 + Level 4.6 Invocations


You had 7 spell levels left.
You didn't know any spells.

Dungeon Overview and Level Annotations

Branches:
Dungeon (1/1)

Altars:
Cheibriados
Dithmenos
Elyvilon
Fedhas
Gozag
Kikubaaqudgha
Makhleb
Nemelex Xobeh
Okawaru
Qazlal
Ru
Sif Muna
Trog
Vehumet
Xom
Yredelemnul
Zin
The Shining One
Beogh
Jiyva
Lugonu


Innate Abilities, Weirdness & Mutations

You are too large for most types of armour.
You have claws for hands.
Your metabolism is lightning-fast.
You like to eat raw meat.
You heal very quickly.
You are covered in fur (AC +1).
You have very tough skin (AC +2).


Message History

The griffon claws you!
You mangle the griffon!!
The griffon is severely wounded.
The griffon bites you. The griffon completely misses you.
The griffon closely misses you.
The skeletal warrior hits you but does no damage.
You barely miss the griffon.
The griffon is severely wounded.
The griffon bites you. The griffon barely misses you. The griffon misses you.
You scratch the griffon.
The griffon is severely wounded.
The skeletal warrior hits you from afar with a glaive!!
* * * LOW HITPOINT WARNING * * *
You claw the griffon!
The griffon is almost dead.
The griffon completely misses you. The griffon barely misses you.
The griffon claws you.
* * * LOW HITPOINT WARNING * * *
The skeletal warrior hits you from afar with a glaive!
You die... ▓▓▓▓▓▓▓▓▓▓▓▓▓▓▓▓▓▓▓▓▓▓▓ +...zH@'...)))'..[[.)|. ▓▓▓▓▓▓▓▓▓▓▓▓▓▓▓▓▓▓▓▓▓▓▓

You could see a griffon and a skeletal warrior.

Vanquished Creatures
  A hill giant (D)
  A yak (D)
  An ogre (D)
  An orc warrior (D)
  An ice beast (D)
  A big kobold (D)
  2 crimson imps (D)
  An orc priest (D)
  A worker ant (D)
  A shadow imp (D)
  An orc (D)
  A bat zombie (D)
  A hobgoblin (D)
  2 jackals (D)
  A kobold (D)
  A ball python zombie (D)
  A bat (D)
  A rat (D)
20 creatures vanquished.

Notes
Turn   | Place    | Note
--------------------------------------------------------------
     0 | D        | Kidiri the Troll Monk began the quest for the Orb.
     0 | D        | Reached XP level 1. HP: 22/22 MP: 0/0
    37 | D        | Noticed an orc priest
    37 | D        | Noticed a crimson imp
    37 | D        | Noticed a crimson imp
    43 | D        | Reached XP level 2. HP: 26/29 MP: 1/1
    45 | D        | Reached skill level 5 in Unarmed Combat
    47 | D        | Killed a crimson imp
    47 | D        | Reached XP level 3. HP: 33/37 MP: 2/2
    49 | D        | Killed an orc priest
    49 | D        | Reached skill level 6 in Unarmed Combat
    49 | D        | Reached XP level 4. HP: 23/48 MP: 3/3
    51 | D        | Killed a crimson imp
    51 | D        | Reached skill level 5 in Dodging
   182 | D        | Found a glowing silver altar of Zin.
   182 | D        | Found a glowing golden altar of the Shining One.
   182 | D        | Found an ancient bone altar of Kikubaaqudgha.
   182 | D        | Found a basalt altar of Yredelemnul.
   182 | D        | Found a shimmering altar of Xom.
   182 | D        | Found a radiant altar of Vehumet.
   183 | D        | Found an iron altar of Okawaru.
   187 | D        | Found a burning altar of Makhleb.
   188 | D        | Found a deep blue altar of Sif Muna.
   189 | D        | Found a bloodstained altar of Trog.
   190 | D        | Found a sparkling altar of Nemelex Xobeh.
   191 | D        | Found a white marble altar of Elyvilon.
   192 | D        | Found a roughly hewn altar of Beogh.
   193 | D        | Found a viscous altar of Jiyva.
   194 | D        | Found a corrupted altar of Lugonu.
   195 | D        | Found a blossoming altar of Fedhas.
   196 | D        | Found a snail-covered altar of Cheibriados.
   200 | D        | Became a worshipper of Warmaster Okawaru
   200 | D        | Acquired Okawaru's first power
   204 | D        | Found a shadowy altar of Dithmenos.
   205 | D        | Found a stormy altar of Qazlal.
   206 | D        | Found an opulent altar of Gozag.
   207 | D        | Found a sacrificial altar of Ru.
   239 | D        | Noticed a hill giant
   239 | D        | Noticed an ogre
   239 | D        | Noticed an orc warrior
   239 | D        | Noticed a big kobold
   249 | D        | Killed a big kobold
   249 | D        | Reached skill level 7 in Unarmed Combat
   249 | D        | Reached skill level 1 in Invocations
   249 | D        | Reached XP level 5. HP: 54/54 MP: 3/5
   255 | D        | Killed a hill giant
   255 | D        | Reached skill level 5 in Fighting
   255 | D        | Reached skill level 5 in Stealth
   255 | D        | Reached skill level 9 in Unarmed Combat
   255 | D        | Reached XP level 6. HP: 56/66 MP: 3/7
   255 | D        | Reached XP level 7. HP: 61/72 MP: 3/8
   258 | D        | Killed an orc warrior
   261 | D        | Killed an ogre
   310 | D        | Noticed a skeletal warrior
   310 | D        | Noticed a griffon
   310 | D        | Noticed a worker ant
   310 | D        | Noticed a yak
   310 | D        | Noticed an ice beast
   317 | D        | Killed an ice beast
   317 | D        | Reached skill level 10 in Unarmed Combat
   324 | D        | Killed a yak
   324 | D        | Reached XP level 8. HP: 59/83 MP: 10/10
   326 | D        | Killed a worker ant
   334 | D        | Mangled by a skeletal warrior

Vault maps used:
D:        linesprint

Action                   |  1- 3 |  4- 6 |  7- 9 || total
-------------------------+-------+-------+-------++-------
Melee: Unarmed           |    21 |    17 |    28 ||    66
  Eat: Chunk             |     4 |     3 |     1 ||     8
